 Dungeon Crawl Stone Soup version 0.25.1-2-g60ff931df9 (webtiles) character file.

Game seed: 13253694511267922514

8493 markt42 the Basher (level 11, -9/59 HPs)
             Began as a Gargoyle Fighter on Sept 14, 2020.
             Was a High Priest of Okawaru.
             Killed by divine providence
             ... invoked by an orc priest
              (12 damage)
             ... on level 10 of the Dungeon.
             The game lasted 00:16:28 (14732 turns).

markt42 the Basher (Gargoyle Fighter)              Turns: 14732, Time: 00:16:29

Health: -9/59      AC: 26    Str: 20    XL:     11   Next: 31%
Magic:  11/11      EV:  6    Int:  9    God:    Okawaru [*****.]
Gold:   652        SH: 11    Dex: 12    Spells: 10/10 levels left

rFire    . . .     SeeInvis .   a - +0 flail
rCold    . . .     Gourm    .   c - +0 kite shield
rNeg     + . .     Faith    +   g - +0 plate armour
rPois    ∞         Spirit   .   (no helmet)
rElec    +         Reflect  .   l - scarf {repulsion}
rCorr    .         Harm     .   C - +0 pair of gloves
MR       .....                  B - +1 pair of boots
Stlth    ..........             h - amulet of faith
HPRegen  0.19/turn              A - ring of flight
MPRegen  0.12/turn              (no ring)

@: about to teleport, slowed, studying Shields, repel missiles, very slow
A: frail 1, low mp 1, negative energy resistance 1, electricity resistance,
unbreathing, petrification resistance, rot immunity, MP-powered wands, AC +8
a: Heroism, Finesse, Renounce Religion, Evoke Flight


You were on level 10 of the Dungeon.
You worshipped Okawaru.
Okawaru was extremely pleased with you.
You were near starving.

You visited 2 branches of the dungeon, and saw 11 of its levels.
You also visited: Bailey.

You collected 652 gold pieces.

Inventory:

Hand Weapons
 a - a +0 flail (weapon)
Armour
 c - a +0 kite shield (worn)
 g - a +0 plate armour (worn)
 l - a scarf of repulsion (worn)
 B - a +1 pair of boots (worn)
 C - a +0 pair of gloves (worn)
Jewellery
 h - an amulet of faith (around neck)
 A - a ring of flight (left hand)
Wands
 b - a wand of flame (14)
 s - a wand of polymorph (3)
 v - a wand of enslavement (3)
Scrolls
 d - 3 scrolls of teleportation
 e - 7 scrolls of identify
 i - 5 scrolls of enchant armour {unknown}
 j - 7 scrolls of remove curse {unknown}
 k - a scroll of vulnerability {unknown}
 m - 3 scrolls of blinking {unknown}
 o - 2 scrolls of immolation {unknown}
 p - a scroll of fear {unknown}
 q - 4 scrolls of amnesia {unknown}
 t - a scroll of silence {unknown}
 w - a scroll of noise {unknown}
 y - 6 scrolls of enchant weapon {unknown}
 z - 2 scrolls of random uselessness {unknown}
 E - a scroll of acquirement {unknown}
 F - 2 scrolls of magic mapping {unknown}
 H - a scroll of fog {unknown}
Potions
 n - a potion of might
 r - 3 potions of flight
 u - 2 potions of magic
Books
 D - a manual of Shields
Comestibles
 f - 15 rations


   Skills:
 + Level 6.5 Fighting
 * Level 11.6 Maces & Flails
 * Level 10.0 Armour
 + Level 2.2 Dodging
 + Level 8.9 Shields
 + Level 1.7 Evocations


You had 10 spell levels left.
You didn't know any spells.
Your spell library contained the following spells:

 Spells                   Type           Power        Failure   Level  Hunger
 Corona                   Hex            #......      100%        1    ##.....
 Sandblast                Erth           #.....       100%        1    ##.....
 Ensorcelled Hibernation  Hex/Ice        #.....       100%        2    ###....
 Passwall                 Tmut/Erth      #.......     100%        2    ###....
 Poisonous Vapours        Pois/Air       #.....       100%        2    ###....
 Confusing Touch          Hex            #.......     100%        3    ####...
 Conjure Flame            Conj/Fire      #.......     100%        3    ####...
 Dazzling Flash           Conj/Hex       #.....       100%        3    ####...
 Mephitic Cloud           Conj/Pois/Air  #.......     100%        3    ####...
 Stone Arrow              Conj/Erth      #.....       100%        3    ####...
 Tukima's Dance           Hex            #.......     100%        3    ####...
 Petrify                  Tmut/Erth      #.......     100%        4    #####..
 Bolt of Magma            Conj/Fire/Erth #.........   100%        5    ######.
 Iskenderun's Battlesphe  Conj/Chrm      #.......     100%        5    ######.
 Lee's Rapid Deconstruct  Erth           #.........   100%        5    ######.
 Freezing Cloud           Conj/Ice/Air   #.........   100%        6    #######
 Iron Shot                Conj/Erth      #.........   100%        6    #######
 Orb of Destruction       Conj           #.........   100%        7    #######
 Ring of Flames           Chrm/Fire      #.........   100%        7    #######
 Spellforged Servitor     Conj/Summ      #.........   100%        7    #######


Dungeon Overview and Level Annotations

Branches:
Dungeon (10/15)            Temple (1/1) D:5            Lair (0/6) D:9
 Bailey (visited)
    Orc: D:9-12

Altars:
Ashenzari
Cheibriados
Dithmenos
Elyvilon
Fedhas
Gozag
Hepliaklqana
Kikubaaqudgha
Makhleb
Nemelex Xobeh
Okawaru
Qazlal
Ru
Sif Muna
Trog
Uskayaw
Vehumet
Wu Jian
Xom
Yredelemnul
Zin
The Shining One

Shops:
D:7 :

Annotations:
D:10 Josephine


Innate Abilities, Weirdness & Mutations

You are resistant to torment.
Your stone body is resilient. (AC +8)
You are immune to poison.
You resist negative energy. (rN+)
You are resistant to electric shocks. (rElec)
You can survive without breathing.
You are immune to petrification.
You are immune to rotting.
You are frail. (-10% HP)
Your magical capacity is low. (-10% MP)
You expend magic power (3 MP) to strengthen your wands.


Message History

Beogh smites you!
* * * LOW HITPOINT WARNING * * *
You see here a scale mail.
Found a battleaxe.
An orc warrior comes into view. It is wielding a +0 flail.
The orc warrior shouts!
An orc priest comes into view. It is wielding a +0 hand axe.
The orc priest moves out of view.
You see here a battleaxe. 2 orcs, an orc priest and an orc wizard come into view.
The orc shouts! x2; The orc wizard shouts!
The orc priest shouts! x2
The worker ant twitches its antennae in your direction.
Okay, then.
As you read the scroll of teleportation, it crumbles to dust.
You feel strangely unstable. The wraith hits you.
* * * LOW HITPOINT WARNING * * *
The wraith drains your vigour!
You feel yourself slow down.
The orc priest invokes the aid of Beogh against you.
Beogh smites you!
You die...

#.#..### #.#....#.#
#.#... ...
#.#......#
#.#.##a#.#
#.#.#....####
#........##.#
####...o..oo..#####
#.....o.o.o@#W....#
#.##........##o..##
#.##.#.....####W##
#.##.#....## #.#
#.##@#.#### #.# ###
#.##W#o# #.# #.#..
#.##W#.# #W# #.#.#
#.##.#W# #@# #.#.#
#.##.#.#
#W########.#.#


You could see an orc warrior, a worker ant, 2 orc priests, an orc wizard and 2
orcs.

Vanquished Creatures
  Pikel (D:5)
  An orc knight (Bailey)
  2 gargoyles (D:10)
  3 trolls
  A hippogriff (D:7)
  2 wyverns
  Edmund (D:6)
  Menkaure (D:6)
  3 slaves (D:5)
  14 orc warriors
  An ice beast (D:7)
  3 sky beasts
  2 phantoms
  6 ogres
  A necrophage (D:7)
  3 centaurs
  A crocodile (D:9)
  Blork the orc (D:5)
  2 bullfrogs
  A water moccasin zombie (D:5)
  A wyvern zombie (D:8)
  2 scorpions
  8 killer bees
  8 wights
  4 howler monkeys
  8 crimson imps
  A centaur zombie (D:7)
  8 orc priests
  2 centaur skeletons
  4 hounds
  3 jellies (D:9)
  4 orc wizards
  A bullfrog skeleton (D:5)
  A gnoll shaman (D:4)
  Terence (D:3)
  Natasha (D:2)
  6 worker ants
  3 iguanas
  A killer bee zombie (D:9)
  2 hound skeletons
  A hound zombie (D:5)
  A worker ant zombie (D:5)
  12 gnolls
  7 adders
  4 shadow imps
  6 oozes
  A worm (D:5)
  A dart slug (D:3)
  A leopard gecko (D:5)
  51 orcs
  8 bats
  6 giant cockroaches
  6 goblins
  6 hobgoblins
  19 jackals
  A quokka (D:6)
  A ball python (D:1)
  6 frilled lizards
  5 kobolds
  A leopard gecko skeleton (D:4)
  8 rats
271 creatures vanquished.

Vanquished Creatures (others)
  An orc (Bailey)
  A fungus (D:9)
  A plant (D:9)
3 creatures vanquished.

Grand Total: 274 creatures vanquished

Notes
Turn   | Place    | Note
-------+----------+-------------------------------------------
     0 | D:1      | markt42 the Gargoyle Fighter began the quest for the Orb.
     0 | D:1      | Reached XP level 1. HP: 14/14 MP: 1/1
    64 | D:1      | Reached XP level 2. HP: 17/19 MP: 2/2
   720 | D:1      | Reached XP level 3. HP: 23/23 MP: 3/3
  1118 | D:1      | Found a glowing golden altar of the Shining One.
  1357 | D:2      | Noticed Natasha
  1368 | D:2      | Killed Natasha
  1426 | D:2      | Reached XP level 4. HP: 19/28 MP: 4/4
  1631 | D:2      | Reached skill level 3 in Maces & Flails
  2357 | D:3      | Found a transporter.
  2395 | D:3      | Found a transporter.
  2416 | D:3      | Reached XP level 5. HP: 22/33 MP: 5/5
  2959 | D:3      | Noticed Terence
  2971 | D:3      | Killed Terence
  3267 | D:4      | Reached skill level 4 in Maces & Flails
  3267 | D:4      | Reached XP level 6. HP: 36/38 MP: 6/6
  3428 | D:4      | Reached skill level 5 in Armour
  3817 | D:4      | You fall into a shaft and drop 2 floors!
  3832 | D:6      | Noticed Menkaure
  3836 | D:6      | Noticed an orc warrior
  3886 | D:6      | Killed Menkaure
  3886 | D:6      | Reached XP level 7. HP: 44/44 MP: 7/7
  4227 | D:6      | Noticed Edmund
  4305 | D:5      | Entered Level 5 of the Dungeon
  4638 | D:5      | Reached skill level 5 in Maces & Flails
  4793 | D:5      | You fall into a shaft and drop 2 floors!
  5205 | D:7      | Found Aphyts's Book Shoppe.
  5224 | D:7      | Reached skill level 1 in Dodging
  5247 | D:7      | Reached skill level 6 in Maces & Flails
  5429 | D:7      | Reached XP level 8. HP: 23/48 MP: 8/8
  5989 | D:7      | Noticed a hippogriff
  6002 | D:7      | Reached skill level 5 in Shields
  6006 | D:7      | Killed a hippogriff
  6006 | D:7      | Reached skill level 7 in Maces & Flails
  6340 | D:6      | Killed Edmund
  6340 | D:6      | Reached skill level 5 in Fighting
  6408 | D:5      | Found a staircase to the Ecumenical Temple.
  6425 | Temple   | Entered the Ecumenical Temple
  6608 | Temple   | Became a worshipper of Warmaster Okawaru
  6673 | D:5      | Reached skill level 8 in Maces & Flails
  6673 | D:5      | Reached XP level 9. HP: 50/54 MP: 9/9
  6697 | D:5      | Noticed Blork the orc
  6698 | D:5      | Reached * piety under Okawaru
  6706 | D:5      | Gained mutation: You can translocate small distances at
                  | will. [potion of mutation]
  6706 | D:5      | Gained mutation: Your flesh is heat resistant. (rF+)
                  | [potion of mutation]
  6733 | D:5      | Killed Blork the orc
  7429 | D:5      | Reached skill level 9 in Maces & Flails
  7434 | D:5      | Reached ** piety under Okawaru
  7844 | D:5      | Noticed Pikel
  7978 | D:5      | Killed Pikel
  7978 | D:5      | Reached *** piety under Okawaru
  8559 | D:6      | Noticed a troll
  8569 | D:6      | Killed a troll
  8569 | D:6      | Reached skill level 10 in Maces & Flails
  8569 | D:6      | Reached XP level 10. HP: 48/60 MP: 10/10
  9102 | D:7      | Found a shimmering blue altar of Sif Muna.
  9492 | D:7      | Reached **** piety under Okawaru
  9996 | D:8      | Lost mutation: You can translocate small distances at will.
                  | [potion of mutation]
  9996 | D:8      | Lost mutation: Your flesh is heat resistant. (rF+) [potion
                  | of mutation]
  9996 | D:8      | Gained mutation: Your magical capacity is low. (-10% MP)
                  | [potion of mutation]
  9996 | D:8      | Gained mutation: You are frail. (-10% HP) [potion of
                  | mutation]
  9996 | D:8      | Gained mutation: You expend magic power (3 MP) to
                  | strengthen your wands. [potion of mutation]
 10689 | D:9      | Found an iron altar of Okawaru.
 10761 | D:9      | Found a staircase to the Lair.
 10833 | D:9      | Found a flagged portal.
 10860 | Bailey   | Entered a bailey
 12140 | Bailey   | Noticed an orc knight
 12147 | Bailey   | Reached ***** piety under Okawaru
 12159 | Bailey   | Killed an orc knight
 12159 | Bailey   | Received a gift from Okawaru
 12159 | Bailey   | Reached skill level 11 in Maces & Flails
 12159 | Bailey   | Reached skill level 1 in Evocations
 12907 | D:9      | Reached XP level 11. HP: 57/57 MP: 11/11
 13848 | D:10     | Entered Level 10 of the Dungeon
 14637 | D:10     | Reached skill level 10 in Armour
 14702 | D:10     | Noticed Josephine
 14732 | D:10     | Killed from afar by an orc priest

Illustrated notes

Levels and vault maps discovered:
D:1:      dpeg_arrival_lava_altar, layout_rooms
D:2:      layout_basic, first_ration, uniq_natasha
D:3:      gammafunk_wand_slinger, layout_loops_ring, uniq_terence
D:4:      layout_basic
D:5:      layout_loops_cross, minmay_temple_entry_hall, uniq_pikel,
          uniq_blork_the_orc
D:6:      layout_rooms, uniq_menkaure, uniq_edmund
D:7:      minmay_octagon_keep, layout_basic, lemuel_doored_altar, serial_shops,
          nicolae_shop_competitors_out_of_business
D:8:      layout_cave_pools
D:9:      layout_roguey, dpeg_oklobed_lair, enter_bailey_2, basic_altar,
          hangedman_little_slice_of_home
D:10:     layout_loops_ring, david_orc_4, biasface_ghost_orc_armoury,
          uniq_josephine
Temple:   nicolae_temple_the_god_donut

Skill      XL: |  1  2  3  4  5  6  7  8  9 10 11 |
---------------+----------------------------------+-----
Maces & Flails | 3 4 6 8 10 11 | 11.6
Armour         | 4 5 6 7 9 10 | 10.0
Fighting       | 4 5 6 |  6.5
Shields        | 4 5 6 8 |  8.9
Dodging        | 1 2 |  2.2
Evocations     | 1 |  1.7

Action                   |  1- 3 |  4- 6 |  7- 9 | 10-12 || total
-------------------------+-------+-------+-------+-------++-------
Melee: Flail             |   109 |   174 |   573 |   754 ||  1610
       Unarmed           |       |       |     6 |       ||     6
 Abil: Evoke Flight      |       |       |       |     4 ||     4
Evoke: Wand              |       |     2 |     7 |    13 ||    22
  Use: Potion            |       |     6 |     9 |     6 ||    21
       Scroll            |       |     1 |       |     2 ||     3
 Stab: Confused          |       |       |     1 |       ||     1
       Invisible         |       |       |     4 |     3 ||     7
  Eat: Chunk             |     2 |     7 |     9 |    10 ||    28
       Ration            |       |       |     2 |     3 ||     5
Armor: Scale mail        |    78 |    90 |   191 |       ||   359
       Plate armour      |       |       |    87 |   407 ||   494
Dodge: Dodged            |    41 |    64 |   151 |   147 ||   403
       Repelled          |       |       |       |    16 ||    16
Block: Kite shield       |    76 |    95 |   303 |   367 ||   841
